 Dungeon Crawl Stone Soup version 0.26-a0-259-g1effd001a9 (webtiles) character file.

Game seed: 5726966093994193355

1944 Apogee the Thaumaturge (level 8, -7/44 HPs)
             Began as a Deep Elf Conjurer on July 25, 2020.
             Was a Follower of Sif Muna.
             Mangled by a killer bee (8 damage)
             ... on level 7 of the Dungeon.
             The game lasted 00:27:26 (8014 turns).

Apogee the Thaumaturge (Deep Elf Conjurer)          Turns: 8014, Time: 00:27:27

Health: -7/44      AC:  4    Str:  4    XL:     8   Next: 98%
Magic:  14/24      EV: 13    Int: 26    God:    Sif Muna [*.....]
Gold:   326        SH:  0    Dex: 13    Spells: 17/27 levels left

rFire    . . .     SeeInvis .   n - +2 dagger (elec)
rCold    . . .     Faith    .   (no shield)
rNeg     . . .     Spirit   .   a - +0 robe
rPois    .         Reflect  .   p - +0 helmet (curse)
rElec    .         Harm     .   (no cloak)
rCorr    .                      (no gloves)
MR       .....                  w - +0 pair of boots
Stlth    ++........             (no amulet)
HPRegen  0.14/turn              (no ring)
MPRegen  0.19/turn              (no ring)

@: lethally poisoned (-7 -> -21)
A: no striking features
a: Channel Magic, Renounce Religion


You were on level 7 of the Dungeon.
You worshipped Sif Muna.
Sif Muna was aware of your devotion.
You were not hungry.

You visited 2 branches of the dungeon, and saw 8 of its levels.

You collected 326 gold pieces.

Inventory:

Hand Weapons
 j - a +2 dagger of speed
   (You took it off a kobold on level 3 of the Dungeon)
 n - a +2 dagger of electrocution (weapon)
   (You took it off an orc on level 5 of the Dungeon)
 q - a +0 dagger of venom
   (You took it off a goblin on level 3 of the Dungeon)
 F - a +0 dagger
   (You found it on level 1 of the Dungeon)
Missiles
 i - 241 stones (quivered)
 k - 4 datura-tipped darts
 B - 3 curare-tipped darts {!f}
Armour
 a - a +0 robe (worn)
 p - a cursed +0 helmet (worn)
   (You took it off Robin on level 3 of the Dungeon)
 w - a +0 pair of boots (worn)
   (You found it on level 4 of the Dungeon)
Jewellery
 u - a cursed -4 ring of dexterity {unknown}
   (You found it on level 5 of the Dungeon)
 C - an uncursed ring of protection from cold {unknown}
   (You found it on level 6 of the Dungeon)
 D - an uncursed ring of positive energy {unknown}
   (You found it on level 6 of the Dungeon)
Wands
 c - a wand of disintegration (17)
   (You took it off a centaur on level 6 of the Dungeon)
Scrolls
 b - 6 scrolls of identify {unknown}
 d - 3 scrolls of fog {unknown}
 g - 2 scrolls of fear {unknown}
 h - 3 scrolls of immolation {unknown}
 r - 2 scrolls of blinking {unknown}
 s - 2 scrolls of magic mapping {unknown}
 t - a scroll of random uselessness {unknown}
 v - a scroll of noise {unknown}
 x - 2 scrolls of amnesia {unknown}
 y - a scroll of teleportation {unknown}
Potions
 f - a potion of invisibility {unknown}
 l - 2 potions of haste {unknown}
 m - a potion of stabbing {unknown}
 o - a potion of mutation {unknown}
 z - a potion of magic {unknown}
 A - a potion of heal wounds {unknown}
 E - a potion of brilliance {unknown}
Comestibles
 e - 13 rations {!d}


   Skills:
 + Level 1.8 Fighting
 - Level 2.4 Dodging
 - Level 4.0 Stealth
 + Level 10.3 Spellcasting
 + Level 8.8 Conjurations
 - Level 2.0 Hexes
 - Level 4.0 Translocations


You had 17 spell levels left.
You knew the following spells:

 Your Spells              Type           Power        Failure   Level
a - Magic Dart            Conj           ####         1%          1
b - Dazzling Flash        Conj/Hex       #####.       1%          3
s - Searing Ray           Conj           ######       1%          2
x - Iskenderun's Mystic   Conj/Tloc      #####...     3%          4

Your spell library contained the following spells:

 Spells                   Type           Power        Failure   Level
 Fulminant Prism          Conj/Hex       #####.....   4%          4


Dungeon Overview and Level Annotations

Branches:
Dungeon (7/15)             Temple (1/1) D:5

Altars:
Cheibriados
Dithmenos
Elyvilon
Fedhas
Gozag
Hepliaklqana
Kikubaaqudgha
Makhleb
Nemelex Xobeh
Okawaru
Qazlal
Ru
Sif Muna
Trog
Uskayaw
Vehumet
Wu Jian
Yredelemnul
Zin
The Shining One

Annotations:
D:3 Grinder
D:4 3 runed translucent doors, tilp's ghost, amateur GnSk
D:6 1 runed translucent door, Crazy Yiuf


Message History

You close the door.
You see here a halberd.
There is an open door here.
There is an open door here.
There is a stone staircase leading down here.
You climb downwards. 2 killer bees come into view.
Found 4 gold pieces and a scroll labeled XEIRAM WIETI.
Found a stone staircase leading down.
There is a stone staircase leading up here.
Unknown command.
Aim: a killer bee (asleep)
The magic dart hits the killer bee.
The killer bee buzzes angrily.
A killer bee comes into view.
Aim: a killer bee (moderately wounded)
The magic dart hits the killer bee but does no damage.
The killer bee buzzes angrily. x2
A killer bee comes into view. x2
The killer bee moves out of view.
You erupt in a blast of force!
The mystic blast hits the killer bee!!
You kill the killer bee!
Sif Muna accepts your kill.
The killer bee buzzes angrily.
You hear an angry buzzing noise.
You can't see any susceptible monsters within range! (Use Z to cast anyway.)
There are no items here.
A killer bee comes into view.
You can't see any susceptible monsters within range! (Use Z to cast anyway.)
Aim: a killer bee The searing ray misses the killer bee. (Press . to maintain the ray.)
The killer bee stings you!
The searing ray misses the killer bee.
The searing ray hits the killer bee!
The killer bee closely misses you. x2; The killer bee completely misses you.
The searing ray misses the killer bee. x2; The killer bee stings you!
The killer bee stings you.
You are poisoned.
The killer bee poisons you! The killer bee closely misses you.
The searing ray hits the killer bee!
You finish channeling your searing ray.
You feel sick. The killer bee misses you. The killer bee stings you.
* * * LOW HITPOINT WARNING * * *
You are more poisoned.
The killer bee poisons you! The killer bee stings you.
* * * LOW HITPOINT WARNING * * *
The killer bee completely misses you. The killer bee stings you!
* * * LOW HITPOINT WARNING * * *
The killer bee barely misses you.
* * * LOW HITPOINT WARNING * * *
You feel sick. The killer bee stings you!
You die...

#.. .#
.. .#
#.# .#
.. .#
#.#.#
...#
#..#
#@y#
#yy#
.y.#
$..>.
....###
...y.#
......#
....?...


You could see 5 killer bees.

Vanquished Creatures
  A wraith (D:6)
  Eustachio (D:4)
  Purgy (D:3)
  An ice beast (D:6)
  A sky beast (D:6)
  A phantom (D:5)
  2 black bears (D:6)
  2 ogres (D:6)
  A centaur (D:6)
  Blork the orc (D:4)
  A scorpion (D:5)
  A killer bee (D:7)
  3 wights (D:6)
  A hound (D:6)
  5 orc wizards
  A centaur skeleton (D:4)
  3 worker ants
  Robin (D:3)
  7 gnolls
  9 adders
  2 howler monkey skeletons
  A shadow imp (D:5)
  A white imp (D:5)
  2 ufetubi (D:6)
  2 oozes (D:2)
  3 worms
  A dart slug (D:3)
  3 leopard geckos
  21 orcs
  8 bats
  4 giant cockroaches
  12 goblins
  8 hobgoblins
  7 jackals
  8 kobolds
  A quokka (D:3)
  2 ball pythons (D:1)
  2 frilled lizards
  A jackal skeleton (D:5)
  2 leopard gecko skeletons
  A quokka zombie (D:5)
  5 rats
141 creatures vanquished.

Notes
Turn   | Place    | Note
-------+----------+-------------------------------------------
     0 | D:1      | Apogee the Deep Elf Conjurer began the quest for the Orb.
     0 | D:1      | Reached XP level 1. HP: 10/10 MP: 6/6
   495 | D:2      | Reached XP level 2. HP: 15/15 MP: 0/8
   561 | D:2      | Reached skill level 5 in Conjurations
   613 | D:2      | Learned a level 2 spell: Searing Ray
   626 | D:2      | Reached XP level 3. HP: 19/19 MP: 6/10
  1057 | D:2      | Reached skill level 4 in Spellcasting
  1130 | D:2      | Found a hide-covered altar of Uskayaw.
  1309 | D:2      | Reached XP level 4. HP: 24/24 MP: 6/12
  1360 | D:2      | Found an ancient bone altar of Kikubaaqudgha.
  1565 | D:3      | Noticed Robin
  1569 | D:3      | Killed Robin
  1776 | D:3      | Found a basalt altar of Yredelemnul.
  2502 | D:3      | Reached XP level 5. HP: 27/28 MP: 11/14
  2508 | D:3      | Learned a level 4 spell: Iskenderun's Mystic Blast
  2521 | D:3      | You fall into a shaft and drop 2 floors!
  2521 | D:5      | Entered Level 5 of the Dungeon
  2521 | D:5      | Found a glowing drain.
  2799 | D:5      | Reached skill level 5 in Spellcasting
  2799 | D:5      | Reached skill level 1 in Translocations
  2977 | D:5      | Noticed a phantom
  2984 | D:5      | Killed a phantom
  2984 | D:5      | Reached skill level 6 in Spellcasting
  2984 | D:5      | Reached XP level 6. HP: 32/32 MP: 6/17
  3148 | D:5      | Learned a level 3 spell: Dazzling Flash
  3466 | D:5      | Found a staircase to the Ecumenical Temple.
  3471 | Temple   | Entered the Ecumenical Temple
  3510 | Temple   | Became a worshipper of Sif Muna the Loreminder
  4046 | D:4      | Noticed Eustachio
  4057 | D:4      | Killed Eustachio
  4057 | D:4      | Reached skill level 7 in Spellcasting
  4057 | D:4      | Reached XP level 7. HP: 23/36 MP: 6/19
  4306 | D:4      | Found a runed translucent gate.
  4306 | D:4      | Found a runed translucent gate.
  4306 | D:4      | Found a runed translucent gate.
  4306 | D:4      | Noticed tilp's ghost (amateur GnSk)
  4503 | D:4      | Noticed Blork the orc
  4507 | D:4      | Killed Blork the orc
  4507 | D:4      | Reached skill level 1 in Hexes
  4946 | D:4      | Found a stormy altar of Qazlal.
  4946 | D:4      | Found a radiant altar of Vehumet.
  5268 | D:3      | Found a white marble altar of Elyvilon.
  5402 | D:3      | Found an opulent altar of Gozag.
  5419 | D:3      | Noticed Purgy
  5435 | D:3      | Killed Purgy
  5435 | D:3      | Reached skill level 8 in Spellcasting
  5635 | D:3      | Reached * piety under Sif Muna
  5806 | D:3      | Noticed Grinder
  6042 | D:6      | Reached XP level 8. HP: 41/41 MP: 18/22
  6069 | D:6      | Reached skill level 9 in Spellcasting
  6333 | D:6      | Found a runed translucent door.
  6334 | D:6      | Noticed Crazy Yiuf
  6769 | D:6      | Reached skill level 1 in Fighting
  6769 | D:6      | Reached skill level 10 in Spellcasting
  6916 | D:6      | Found a shadowy altar of Dithmenos.
  7867 | D:6      | Found a glowing silver altar of Zin.
  8014 | D:7      | HP: 1/44 [poisoned by a killer bee]
  8014 | D:7      | Mangled by a killer bee

Illustrated notes

Levels and vault maps discovered:
D:1:      lightli_arrival_windingriver, layout_rooms
D:2:      layout_basic, nicolae_overflow_crystal_walls,
          eat_drink_and_be_merry_uskayaw
D:3:      layout_rooms, elyvilon_altar_5, marbit_many_paths, serial_curves,
          eino_curves_03, eino_curves_02, grunt_gozag_statues, uniq_robin,
          uniq_purgy, uniq_grinder
D:4:      layout_loops_corners, gammafunk_temple_overflow_elements,
          ebering_ghost_rock_garden, first_ration, hex_tiny,
          minmay_close_crescents, uniq_blork_the_orc, uniq_eustachio
D:5:      layout_basic, temple_statues, gup_sewer_entry_glass, abandoned_shop,
          kennysheep_cross_bottleneck
D:6:      layout_gridville, lemuel_coloured_pillars_altar,
          kennysheep_little_box, uniq_crazy_yiuf_cottage
D:7:      layout_basic, basic_altar, serial_shops, nicolae_shop_trees,
          uniq_maggie
Temple:   nicolae_temple_god_jail

Skill      XL: |  1  2  3  4  5  6  7  8 |
---------------+-------------------------+-----
Conjurations   | 5 6 7 8 |  8.8
Spellcasting   | 4 6 7 8 10 | 10.3
Translocations | 2 3 4 |  4.0
Hexes          | 2 |  2.0
Fighting       | 1 |  1.8
Stealth        | 4 |  4.0
Dodging        | |  2.4

Action                   |  1- 3 |  4- 6 |  7- 9 || total
-------------------------+-------+-------+-------++-------
Melee: Dagger            |       |       |     1 ||     1
 Cast: Magic Dart        |    47 |   100 |   114 ||   261
       Searing Ray       |     3 |    19 |    25 ||    47
       Iskenderun's Myst |       |       |     7 ||     7
       Dazzling Flash    |       |       |     1 ||     1
  Use: Potion            |       |     2 |       ||     2
  Eat: Ration            |     1 |     2 |     4 ||     7
Armor: Robe              |       |     1 |     6 ||     7
Dodge: Dodged            |     2 |    12 |    20 ||    34

Table legend:
 A = Non-vault XP
 B = Vault XP
 C = Vault XP percentage of total XP
 D = Non-vault monster count
 E = Vault monster count
 F = Vault count percentage of total count
                 A         B        C        D         E       F
            +---------+---------+-------+---------+---------+-------
      Total |    2291 |     487 |  17.5 |     121 |      20 |  14.2
            +---------+---------+-------+---------+---------+-------
        D:1 |       8 |       0 |   0.0 |       6 |       0 |   0.0
        D:2 |     105 |       0 |   0.0 |      19 |       0 |   0.0
        D:3 |     118 |     173 |  59.5 |      35 |      15 |  30.0
        D:4 |     228 |     314 |  57.9 |      14 |       5 |  26.3
        D:5 |     301 |       0 |   0.0 |      15 |       0 |   0.0
        D:6 |    1472 |       0 |   0.0 |      31 |       0 |   0.0
        D:7 |      59 |       0 |   0.0 |       1 |       0 |   0.0
            +---------+---------+-------+---------+---------+-------
